 Dungeon Crawl Stone Soup version 0.28.0-53-g5a82cb258f (webtiles) character file.

Game seed: 3663801336692015410

401 Sin92 the Shield-Bearer (level 6, -2/48 HPs)
             Began as a Demonspawn Fighter on June 13, 2022.
             Was an Initiate of Okawaru.
             Slain by Menkaure (6 damage)
             ... on level 5 of the Dungeon.
             The game lasted 00:04:26 (4724 turns).

Sin92 the Shield-Bearer (Demonspawn Fighter)        Turns: 4724, Time: 00:04:27

Health: -2/48      AC: 12    Str: 16    XL:     6   Next: 54%
Magic:  6/6        EV:  7    Int: 10    God:    Okawaru [......]
Gold:   189        SH: 10    Dex: 14    Spells: 5/5 levels left

rFire   . . .      SeeInvis .   a - +0 long sword (drain)
rCold   . . .      Faith    .   c - +0 buckler
rNeg    . . .      Spirit   .   i - +2 chain mail
rPois   +          Reflect  +   (no helmet)
rElec   .          Harm     .   (no cloak)
rCorr   .          Rampage  .   (no gloves)
Will    .....                   j - +0 pair of boots
Stlth   ..........              p - amulet of reflection
HPRegen 0.16/turn               e - ring of poison resistance
MPRegen 0.10/turn               (no ring)

@: studying Shields
A: claws 2, foul stench 1, powered by death 1, weakness stinger 1
a: Renounce Religion


You were on level 5 of the Dungeon.
You worshipped Okawaru.
Okawaru was noncommittal.
You visited 2 branches of the dungeon, and saw 6 of its levels.

You collected 189 gold pieces.

Inventory:

Hand Weapons
 a - a +0 long sword of draining (weapon)
Armour
 b - a +0 scale mail
 c - a +0 buckler (worn)
 i - a +2 chain mail (worn)
 j - a +0 pair of boots (worn)
Jewellery
 e - a ring of poison resistance (left claw)
 p - an amulet of reflection (around neck)
Scrolls
 d - a scroll of noise {unknown}
 l - 4 scrolls of identify
 m - a scroll of fear
 n - a scroll of magic mapping
 o - a scroll of acquirement {unknown}
 q - a scroll of enchant weapon {unknown}
 r - a scroll of teleportation {unknown}
Potions
 f - a potion of might
 g - 2 potions of haste
 h - a potion of lignification {unknown}
 k - 2 potions of curing


   Skills:
 + Level 4.0 Fighting
 * Level 4.0 Long Blades
 + Level 3.6 Armour
 + Level 2.1 Dodging
 + Level 4.4 Shields


You had 5 spell levels left.
You didn't know any spells.
Your spell library contained the following spells:

 Spells                   Type           Power      Damage    Failure   Level
 Slow                     Hex            0%         N/A       100%        1
 Confusing Touch          Hex            0%         N/A       100%        3
 Vampiric Draining        Necr           0%         2d6       100%        3


Dungeon Overview and Level Annotations

Branches:
Dungeon (5/15)             Temple (1/1) D:4

Altars:
Ashenzari
Cheibriados
Dithmenos
Elyvilon
Fedhas
Gozag
Hepliaklqana
Kikubaaqudgha
Makhleb
Okawaru
Ru
Sif Muna
Uskayaw
Vehumet
Xom
Yredelemnul
Zin
The Shining One

Annotations:
D:5 Menkaure


Innate Abilities, Weirdness & Mutations

You have very sharp fingernails.
You may rarely emit foul miasma when damaged in melee.
You regenerate a little health from kills.
You have a small tail.


Message History

Menkaure hits you. Menkaure barely misses you.
You hit Menkaure but do no damage.
Menkaure is lightly damaged.
Menkaure barely misses you.
You hit Menkaure but do no damage.
Menkaure is lightly damaged.
Menkaure hits you but does no damage.
You barely miss Menkaure.
Menkaure is lightly damaged.
Menkaure hits you but does no damage. x2
You hit Menkaure but do no damage.
Menkaure is lightly damaged.
Menkaure hits you but does no damage.
You hit Menkaure but do no damage.
You tail-slap Menkaure, but do no damage.
Menkaure is lightly damaged.
Menkaure hits you!
Menkaure calls on the powers of darkness!
Your body is wracked with pain!
You are too injured to fight recklessly!
You are too injured to fight recklessly!
You are too injured to fight recklessly!
You are too injured to fight recklessly!
You hit Menkaure but do no damage.
Menkaure is lightly damaged.
Menkaure points at you and mumbles some strange words.
You barely resist. You slash Menkaure!
Menkaure is moderately damaged.
Menkaure casts a spell at you. Pain shoots through your body!
* * * LOW HITPOINT WARNING * * *
Menkaure points at you and mumbles some strange words.
You barely resist.
It was a potion of curing.
You feel better. Menkaure hits you!
* * * LOW HITPOINT WARNING * * *
You hit Menkaure. You tail-slap Menkaure.
Menkaure is severely damaged.
Menkaure hits you.
You die...

#.#.##.#
#........
#.#.##.#
###.#####
#.#.##.#
#.#
#.#.##.#
#.# ##
#.#.##.#
#+# #.
#......#
#.
###.####
#. #..##
..#.
#@(.#
....
#.M.....+
....
##...####
....
#..##
..#. #.##
## #.#
#.. ###


You could see Menkaure (fast).

Vanquished Creatures
  A centaur (D:5)
  4 jellies
  2 orc priests (D:4)
  An orc wizard (D:4)
  3 adders (D:3)
  A worm (D:2)
  8 dart slugs
  7 orcs
  9 endoplasms
  4 goblins
  7 hobgoblins
  8 jackals (D:2)
  3 kobolds
  5 ball pythons
  3 bats
  4 frilled lizards
  4 rats (D:2)
74 creatures vanquished.

Vanquished Creatures (others)
  7 plants (D:4)
7 creatures vanquished.

Grand Total: 81 creatures vanquished

Notes
Turn   | Place    | Note
-------+----------+-------------------------------------------
     0 | D:1      | Sin92 the Demonspawn Fighter began the quest for the Orb.
     0 | D:1      | Reached XP level 1. HP: 18/18 MP: 1/1
   368 | D:1      | Discovered your monstrous ancestry.
   368 | D:1      | Gained mutation: You have sharp fingernails. [demonic
                  | ancestry]
   368 | D:1      | Reached XP level 2. HP: 24/24 MP: 2/2
   368 | D:1      | Found a faded altar of an unknown god.
  1073 | D:2      | Gained mutation: You may rarely emit foul miasma when
                  | damaged in melee. [demonic ancestry]
  1073 | D:2      | Reached XP level 3. HP: 17/29 MP: 3/3
  2049 | D:3      | Reached skill level 1 in Dodging
  2397 | D:3      | Gained mutation: You have very sharp fingernails. [demonic
                  | ancestry]
  2397 | D:3      | Reached XP level 4. HP: 35/35 MP: 4/4
  2525 | D:3      | Found a shimmering altar of Xom.
  2854 | D:3      | Found a sacrificial altar of Ru.
  3207 | D:4      | Gained mutation: You regenerate a little health from kills.
                  | [demonic ancestry]
  3207 | D:4      | Reached XP level 5. HP: 17/42 MP: 5/5
  3597 | D:4      | Gained mutation: You have a small tail. [demonic ancestry]
  3597 | D:4      | Reached XP level 6. HP: 20/48 MP: 6/6
  3938 | D:4      | Found a staircase to the Ecumenical Temple.
  4422 | Temple   | Entered the Ecumenical Temple
  4575 | Temple   | Became a worshipper of Warmaster Okawaru
  4621 | D:5      | Entered Level 5 of the Dungeon
  4711 | D:5      | Noticed Menkaure
  4724 | D:5      | Slain by Menkaure

Illustrated notes

Levels and vault maps discovered:
D:1:      nicolae_arrival_somewhat_less_tricky_arrival, layout_rooms,
          shapermc_ecumenical_altar_notcrosses
D:2:      layout_basic, nicolae_concentric_dashed_squares_mild
D:3:      kennysheep_slugbush, layout_loops_ring, brannock_xom_greatest_gift,
          nicolae_ru_awakened_eye
D:4:      layout_loops_ring, minmay_temple_entry_antechambers, serial_forest,
          infiniplex_forest_clump_double, infiniplex_forest_clump_curved,
          infiniplex_forest_clump_small, infiniplex_forest_end_3,
          infiniplex_forest_straight_3, infiniplex_forest_clump_small,
          infiniplex_forest_clump_medium
D:5:      layout_loops_corners, uniq_menkaure
Temple:   regret_index_temple_sphere_string

Skill      XL: |  1  2  3  4  5  6 |
---------------+-------------------+-----
Long Blades    | 2 3 4 |  4.0
Shields        | 3 4 |  4.4
Armour         | 3 |  3.6
Dodging        | 1 2 |  2.1
Fighting       | 4 |  4.0

Action                   |  1- 3 |  4- 6 || total
-------------------------+-------+-------++-------
Melee: Long sword        |   144 |   112 ||   256
       Tailslap          |       |     3 ||     3
  Use: Scroll            |     3 |     5 ||     8
       Potion            |       |     3 ||     3
Armor: Scale mail        |    10 |       ||    10
       Chain mail        |    97 |    76 ||   173
Dodge: Dodged            |    57 |    33 ||    90
Block: Buckler           |    47 |    28 ||    75
